 Dungeon Crawl Stone Soup version 0.23.1 (webtiles) character file.

Game seed: 0

3982 RedHound the Basher (level 10, -3/64 HPs)
             Began as a Gargoyle Berserker on Feb 28, 2019.
             Was a High Priest of Trog.
             Slain by an orc warrior
             ... wielding a +0 hand axe
              (16 damage)
             ... in a bailey on Mar 2, 2019.
             The game lasted 00:38:41 (6325 turns).

RedHound the Basher (Gargoyle Berserker)            Turns: 6325, Time: 00:38:43

Health: -3/64      AC: 32    Str: 23    XL:     10   Next: 22%
Magic:  3/3        EV:  5    Int:  7    God:    Trog [*****.]
Gold:   352        SH:  3    Dex: 17    Spells: 9/9 levels left

rFire    . . .     SeeInvis .   p - +2 mace (antimagic)
rCold    . . .     Gourm    .   (no shield)
rNeg     + . .     Faith    .   t - +3 crystal plate armour
rPois    ∞         Spirit   .   (no helmet)
rElec    +         Reflect  +   s - +2 cloak
rCorr    .         Harm     .   (no gloves)
MR       .....     Rnd*Tele +   (no boots)
Stlth    ..........             E - +3 amulet of reflection
HPRegen  0.20/turn              i - ring of teleportation (curse)
MPRegen  0.08/turn              w - +6 ring of dexterity

@: berserk cooldown, slowed, very slow
A: negative energy resistance 1, electricity resistance, unbreathing,
petrification resistance, rot immunity, AC +7
a: Berserk, Trog's Hand, Brothers in Arms, Renounce Religion


You were in a bailey.
You worshipped Trog.
Trog was extremely pleased with you.
You were near starving.

You visited 1 branch of the dungeon, and saw 7 of its levels.
You also visited: Bailey.

You collected 352 gold pieces.

Inventory:

Hand Weapons
 d - a +0 hunting sling
 p - a +2 antimagic mace (weapon)
 r - a +2 mace of holy wrath
Armour
 s - a +2 cloak (worn)
 t - a +3 crystal plate armour (worn)
Jewellery
 a - an uncursed amulet of rage {unknown}
 i - a cursed ring of teleportation (left hand)
 v - an uncursed amulet of faith {unknown}
 w - a +6 ring of dexterity (right hand)
 x - an uncursed amulet of the gourmand
 D - an uncursed ring of ice
 E - a +3 amulet of reflection (around neck)
 G - an uncursed ring of fire {unknown}
Wands
 z - a wand of flame (16)
 H - a wand of digging (5)
Scrolls
 e - a scroll of identify
 f - a scroll of teleportation
 h - 4 scrolls of fog
 n - 2 scrolls of magic mapping
 u - a scroll of fear {unknown}
 A - a scroll of random uselessness {unknown}
Potions
 g - a potion of brilliance
 j - a potion of invisibility
 k - a potion of heal wounds {unknown}
 l - a potion of curing {unknown}
 m - 3 potions of haste
 o - a potion of ambrosia
 q - a potion of might
 C - a potion of magic
Comestibles
 b - 13 chunks of flesh
 c - 11 rations


   Skills:
 + Level 7.7 Fighting
 + Level 11.1 Maces & Flails
 + Level 7.7 Armour
 + Level 2.4 Dodging
 + Level 0.5 Stealth


You had 9 spell levels left.
You didn't know any spells.
Your spell library was empty.

Dungeon Overview and Level Annotations

Branches:
Dungeon (7/15)             Temple (0/1) D:7

Altars:
Cheibriados
Elyvilon
Fedhas
Trog
Uskayaw
Xom


Innate Abilities, Weirdness & Mutations

You are resistant to torment.
Your stone body is resilient. (AC +7)
You are immune to poison.
You resist negative energy. (rN+)
You are resistant to electric shocks. (rElec)
You can survive without breathing.
You are immune to petrification.
You are immune to rotting.


Message History

You kill the goblin!
Trog accepts your kill.
The orc warrior no longer looks unusually strong.
The orc warlord roars a battlecry!
The orc warriors go into a battle-frenzy!
You sock the goblin!
You kill the goblin!
Trog accepts your kill.
You thump the hobgoblin!
You kill the hobgoblin!
Trog accepts your kill.
Trog will now gift you weapons as you gain piety.
You sock the orc warrior!
The orc warrior is moderately wounded.
You are no longer berserk.
You are exhausted.
You feel yourself slow down.
A hobgoblin comes into view. It is wielding a +0 hand axe.
The orc warrior hits you with a +0 hand axe!
You die...

#.......# #......
##.......##
##......
#.........# .
#.......
##.........##
.###.......
#.....⌠.....#
g###....))).
##.........##
8g88##...).).
#.........# o....
#....)).
##.......##g.....
##......
#.......@)og....
+......
##.....##ooo....
##..... #######
....⌠.. ######
....... .......
#...... !!....
#??∩..


You could see an orc warlord, an orc knight, 3 orc warriors, a hobgoblin and 3
goblins.

Vanquished Creatures
  2 orc knights (Bailey)
  2 ice beasts
  6 orc warriors
  A sky beast (D:6)
  2 centaurs (D:7)
  4 ogres
  4 bullfrogs
  A scorpion (D:5)
  6 killer bees (D:6)
  3 wights (D:7)
  A howler monkey (D:7)
  3 crimson imps
  A centaur zombie (D:7)
  8 hounds
  An orc wizard (D:6)
  Crazy Yiuf (D:2)
  An orc priest (D:7)
  A centaur skeleton (D:7)
  An iguana (D:6)
  6 worker ants
  A hound zombie (D:4)
  A howler monkey zombie (D:7)
  18 gnolls
  7 adders
  2 adder zombies
  5 worms
  6 leopard geckos
  28 orcs
  4 giant cockroaches
  36 goblins
  15 hobgoblins
  9 kobolds
  3 quokkas
  2 ball pythons
  3 bats
  4 frilled lizards
  7 rats
206 creatures vanquished.

Notes
Turn   | Place    | Note
-------+----------+-------------------------------------------
     0 | D:1      | RedHound the Gargoyle Berserker began the quest for the
                  | Orb.
     0 | D:1      | Reached XP level 1. HP: 14/14 MP: 1/1
   237 | D:1      | Reached XP level 2. HP: 19/19 MP: 2/2
   588 | D:1      | Reached XP level 3. HP: 24/24 MP: 3/3
  1058 | D:2      | Reached ** piety under Trog
  1075 | D:2      | Noticed an ogre
  1086 | D:2      | Killed an ogre
  1086 | D:2      | Reached skill level 4 in Maces & Flails
  1086 | D:2      | Reached XP level 4. HP: 20/29 MP: 4/4
  1086 | D:2      | Reached XP level 5. HP: 23/33 MP: 5/5
  1580 | D:2      | Found a runed translucent door.
  1581 | D:2      | Noticed Crazy Yiuf
  1589 | D:2      | Killed Crazy Yiuf
  2176 | D:3      | Found a snail-covered altar of Cheibriados.
  2209 | D:3      | Found a blossoming altar of Fedhas.
  2315 | D:3      | Found a shimmering altar of Xom.
  2315 | D:3      | Found a hide-covered altar of Uskayaw.
  2320 | D:3      | Found a white marble altar of Elyvilon.
  2322 | D:3      | Found a bloodstained altar of Trog.
  2324 | D:3      | Found a blossoming altar of Fedhas.
  2801 | D:4      | Noticed an ogre
  2811 | D:4      | Killed an ogre
  2811 | D:4      | Reached skill level 5 in Maces & Flails
  2811 | D:4      | Reached XP level 6. HP: 11/38 MP: 2/6
  3346 | D:4      | Reached skill level 6 in Maces & Flails
  3397 | D:4      | Reached XP level 7. HP: 43/43 MP: 2/7
  3653 | D:5      | Entered Level 5 of the Dungeon
  3748 | D:5      | Reached skill level 7 in Maces & Flails
  4034 | D:5      | Reached skill level 5 in Armour
  4111 | D:5      | Reached XP level 8. HP: 47/48 MP: 2/8
  4547 | D:6      | Reached skill level 5 in Fighting
  4781 | D:6      | Reached *** piety under Trog
  4781 | D:6      | Reached skill level 8 in Maces & Flails
  4860 | D:6      | Upgraded the game from 0.23.0-41-g86b089e62c to
                  | 0.23.0-42-geed6394480
  5069 | D:6      | Noticed Prince Ribbit
  5313 | D:6      | Upgraded the game from 0.23.0-42-geed6394480 to 0.23.1
  5470 | D:7      | Noticed a hippogriff
  5471 | D:7      | Found a staircase to the Ecumenical Temple.
  5477 | D:7      | Reached XP level 9. HP: 55/55 MP: 3/9
  5485 | D:7      | Reached skill level 9 in Maces & Flails
  5554 | D:7      | HP: 2/56 [hound (2)]
  5562 | D:7      | HP: 2/56 [wight/+0 halberd (1)]
  5967 | D:7      | Found a flagged portal.
  6009 | Bailey   | Entered a bailey
  6040 | Bailey   | Reached **** piety under Trog
  6171 | Bailey   | Reached skill level 10 in Maces & Flails
  6280 | Bailey   | Noticed an orc knight
  6282 | Bailey   | Noticed an orc knight
  6287 | Bailey   | Noticed an orc knight
  6296 | Bailey   | Killed an orc knight
  6296 | Bailey   | Reached XP level 10. HP: 57/63 MP: 3/10
  6296 | Bailey   | Noticed an orc warlord
  6308 | Bailey   | Killed an orc knight
  6308 | Bailey   | Reached skill level 11 in Maces & Flails
  6324 | Bailey   | Reached ***** piety under Trog
  6325 | Bailey   | Slain by an orc warrior

Skill      XL: |  1  2  3  4  5  6  7  8  9 10 |
---------------+-------------------------------+-----
Fighting       | 4 6 7 |  7.7
Maces & Flails | 4 5 6 7 8 10 11 | 11.1
Armour         | 3 4 5 6 7 |  7.7
Dodging        | 2 |  2.4
Stealth        | |  0.5

Action                   |  1- 3 |  4- 6 |  7- 9 | 10-12 || total
-------------------------+-------+-------+-------+-------++-------
Melee: Mace              |   100 |   146 |   511 |    29 ||   786
Invok: Berserk           |     1 |     2 |     9 |       ||    12
       Trog's Hand       |       |       |     2 |       ||     2
  Use: Scroll            |       |     7 |    10 |       ||    17
       Potion            |       |       |     6 |       ||     6
  Eat: Chunk             |     1 |    23 |     3 |       ||    27
       Ration            |       |       |     2 |       ||     2
Armor: Ring mail         |    42 |    17 |       |       ||    59
       Crystal plate arm |       |    68 |   769 |     6 ||   843
       Skin              |       |       |    78 |       ||    78
Dodge: Dodged            |    68 |    48 |   260 |     3 ||   379
Block: Other             |       |       |   128 |     2 ||   130
       Reflection        |       |       |     7 |       ||     7
